 Dungeon Crawl Stone Soup version 0.31-a0-521-gc7390f8997 (webtiles) character file.

Game seed: 5264948810638932727

695 LeprechaunX the Ruffian (level 7, 0/42 (47) HPs)
             Began as an Octopode Shapeshifter on Aug 10, 2023.
             Slain by Duvessa
             ... wielding a +1 short sword of draining
              (1 damage)
             ... on level 4 of the Dungeon.
             The game lasted 00:04:38 (2479 turns).

LeprechaunX the Ruffian (Octopode Shapeshifter)     Turns: 2479, Time: 00:04:39

HP:   0/42 (47)     AC:  1    Str: 16    XL:     7   Next: 64%
MP:   7/7           EV: 13    Int: 11    God:
Gold: 166           SH:  4    Dex: 12    Spells: 6/6 levels left

rFire   . .          .
                       - Unarmed
rCold   . . .        n - +0 buckler
rNeg    . . .        (helmet currently unavailable)
rPois   +            (no amulet)
rElec   .            d - ring of poison resistance
rCorr   .            (no ring)
SInv    .            (no ring)
Will    .....        (no ring)
Stlth   ++           (no ring)
HPRegen 0.27/turn    (no ring)
MPRegen 0.10/turn    (no ring)
                     (no ring)

%: no passive effects
@: beast-form, heavily drained
A: beast (slay +2), almost no armour, amphibious, 8 rings, camouflage 1,
gelatinous body 1, (nimble swimmer 1), tentacles
a: Begin Untransformation


You were on level 4 of the Dungeon.
You were a hulking beast.
You visited 1 branch of the dungeon, and saw 4 of its levels.

You collected 166 gold pieces.

Inventory:

Missiles
 a - 5 darts of dispersal
 i - 5 javelins
Armour
 e - a +0 tower shield
 n - a +0 buckler (worn)
Jewellery
 d - a ring of poison resistance (left tentacle)
 l - a ring of wizardry
Talismans
 b - a beast talisman (active)
 c - a flux talisman
Wands
 x - a wand of mindburst (14)
Scrolls
 f - 5 scrolls of identify {unknown}
 g - a scroll of vulnerability {unknown}
 j - a scroll of acquirement {unknown}
 m - 2 scrolls of revelation {unknown}
 p - 2 scrolls of poison {unknown}
 q - a scroll of teleportation {unknown}
 t - a scroll of blinking {unknown}
Potions
 h - a potion of curing {unknown}
 k - a potion of heal wounds {unknown}
 o - 3 potions of degeneration {unknown}
 r - a potion of berserk rage {unknown}
 s - a potion of brilliance {unknown}
 v - a potion of cancellation {unknown}
 w - a potion of mutation {unknown}


   Skills:
 + Level 3.7 Fighting
 + Level 4.1 Dodging
 + Level 3.0 Shields
 + Level 4.7 Unarmed Combat
 + Level 4.2 Shapeshifting


You had 6 spell levels left.
You didn't know any spells.
Your spell library contained the following spells:

 Spells                   Type           Power      Damage    Failure   Level
 Blink                    Tloc           0%         N/A       56%         2
 Lesser Beckoning         Tloc           0%         N/A       56%         2
 Momentum Strike          Conj/Tloc      0%         3d8       56%         2
 Dazzling Flash           Conj/Hex       0%         N/A       80%         3
 Gell's Gravitas          Tloc           0%         N/A       80%         3
 Teleport Other           Tloc           0%         N/A       80%         3
 Volatile Blastmotes      Fire/Tloc      0%         2d10      80%         3
 Starburst                Conj/Fire      0%         6d3       100%        6
 Maxwell's Capacitive Co  Air            0%         ∞         100%        8


Dungeon Overview and Level Annotations

Branches:
Dungeon (4/15)
 Temple: D:4-7

Altars:

Shops:
D:3 *

Annotations:
D:3 1 runed translucent door, Crazy Yiuf
D:4 Duvessa


Innate Abilities, Weirdness & Mutations

You are a hulking beast.
Your limbs bulge with bestial killing power. (Slay +2)
You cannot wear most types of armour.
You are amphibious.
You can wear up to eight rings at the same time.
Your skin changes colour to match your surroundings (Stealth+).
Your rubbery body absorbs attacks. (AC +1, EV +1)
((You are camouflaged when in or above water. (Stealth+)))
You have tentacles for arms and can constrict up to eight enemies at once.


Message History

Dowan casts a spell at you. The puff of flame hits you!
Dowan hits you with a +0 dagger!
You barely miss Dowan. You grab Dowan. You constrict Dowan.
Dowan closely misses you.
You tentacle-slap Dowan. You tentacle-slap Dowan! You squeeze Dowan.
Dowan is severely wounded.
You constrict Dowan. Dowan completely misses you. You block Duvessa's attack.
You completely miss Dowan.
Dowan is severely wounded.
You constrict Dowan. Dowan hits you with a +0 dagger.
Duvessa barely misses you.
You tentacle-slap Dowan.
You kill Dowan!
Duvessa screams, "No!
How DARE you!"
Duvessa goes berserk!
You block Duvessa's attack.
Your Shields skill increases to level 3!
You tentacle-slap Duvessa. You grab Duvessa.
Duvessa is lightly wounded.
You constrict Duvessa.
Duvessa hits you with a +1 short sword of draining!
You feel drained.
Duvessa hits you with a +1 short sword of draining!
* * * LOW HITPOINT WARNING * * *
You feel drained.
* * * LOW HITPOINT WARNING * * *
You tentacle-slap Duvessa.
Duvessa is lightly wounded.
You constrict Duvessa. You block Duvessa's attack.
You tentacle-slap Duvessa.
Duvessa is moderately wounded.
You constrict Duvessa. You block Duvessa's attack.
You tentacle-slap Duvessa but do no damage.
You tentacle-slap Duvessa.
Duvessa is heavily wounded.
You constrict Duvessa.
Duvessa hits you with a +1 short sword of draining!
* * * LOW HITPOINT WARNING * * *
You feel drained.
You die...

##################
#.†...............
#.################
#h# #..e)....#
#.#.####.# ###
#.#.# >.# # #.# #
#.# #.# .#.###
#.## #.# ......
#.## #.#
....#.##.##
#.........


You could see Duvessa (berserk).

Vanquished Creatures
  Grinder (D:3)
  Sigmund (D:2)
  Edmund (D:4)
  A scorpion (D:4)
  Dowan (D:4)
  3 gnolls (D:3)
  2 adders (D:3)
  2 worms (D:3)
  2 dart slugs (D:3)
  3 orcs
  11 ball pythons
  9 bats
  5 endoplasms (D:1)
  2 giant cockroaches
  9 goblins
  4 hobgoblins
  2 jackals (D:3)
  4 quokkas
  2 frilled lizards
  8 kobolds
  4 rats (D:3)
77 creatures vanquished.

Notes
Turn   | Place    | Note
-------+----------+-------------------------------------------
     0 | D:1      | LeprechaunX the Octopode Shapeshifter began the quest for
                  | the Orb.
     0 | D:1      | Reached XP level 1. HP: 13/13 MP: 1/1
   162 | D:1      | Reached XP level 2. HP: 14/18 MP: 2/2
   598 | D:2      | Reached XP level 3. HP: 21/23 MP: 3/3
   622 | D:2      | Noticed Sigmund
   635 | D:2      | Killed Sigmund
   636 | D:2      | Reached skill level 1 in Shields
   636 | D:2      | Reached XP level 4. HP: 30/30 MP: 4/4
   636 | D:2      | Reached XP level 5. HP: 35/35 MP: 5/5
   960 | D:2      | Found a faded altar of an unknown god.
  1219 | D:3      | Reached XP level 6. HP: 39/41 MP: 6/6
  1437 | D:3      | Found a runed translucent door.
  1438 | D:3      | Noticed Crazy Yiuf
  1508 | D:3      | Noticed Grinder
  1509 | D:3      | Found Voal's General Store.
  1512 | D:3      | Paralysed by Grinder for 3 turns
  1518 | D:3      | Killed Grinder
  1648 | D:3      | Reached XP level 7. HP: 32/46 MP: 7/7
  2319 | D:4      | Noticed Edmund
  2332 | D:4      | Killed Edmund
  2469 | D:4      | Noticed Duvessa
  2470 | D:4      | Noticed Dowan
  2475 | D:4      | Killed Dowan
  2479 | D:4      | HP: 1/43 [Duvessa/+1 short sword of draining (9)]
  2479 | D:4      | Slain by Duvessa

Illustrated notes

Levels and vault maps discovered:
D:1:      dpeg_arrival_three_smaller_balls, layout_basic
D:2:      layout_rooms, shapermc_ecumenical_altar_ellora, uniq_sigmund
D:3:      layout_basic, serial_shops, shop_fountains, grunt_ministairs_15,
          grunt_decor_resistance, minmay_increasing_density,
          uniq_crazy_yiuf_cottage, uniq_grinder
D:4:      layout_loops_ring, temple_statues, serial_shops, shop,
          kennysheep_small_square, uniq_edmund, uniq_pikel, uniq_duvessa,
          uniq_natasha

Skill      XL: |  1  2  3  4  5  6  7 |
---------------+----------------------+-----
Fighting       | 2 3 |  3.7
Dodging        | 3 4 |  4.1
Shields        | 1 2 3 |  3.0
Unarmed Combat | 4 |  4.7
Shapeshifting  | 4 |  4.2

Action                     |  1- 3 |  4- 6 |  7- 9 || total
---------------------------+-------+-------+-------++-------
  Melee: Unarmed           |    45 |    63 |    43 ||   151
         Constrict         |     8 |    19 |    10 ||    37
         Punch             |     4 |     1 |     2 ||     7
         Tentacles         |     8 |    12 |    15 ||    35
  Throw: Javelin           |       |     3 |       ||     3
         Throwing net      |       |       |     1 ||     1
    Use: Potion            |     1 |       |       ||     1
   Stab: Sleeping          |     4 |     8 |     5 ||    17
 Armour: Skin              |    10 |     8 |       ||    18
  Dodge: Dodged            |    22 |    35 |    19 ||    76
  Block: Tower shield      |    10 |     8 |       ||    18
         Buckler           |       |     5 |    10 ||    15

Table legend: (Time is in decaauts)
 A = Elapsed time spent in this place.
 B = Non-inter-level travel time spent in this place.
 C = Inter-level travel time spent in this place.
 D = Time resting spent in this place.
 E = Time spent auto-exploring this place.
 F = Levels seen in this place.
 G = Mean time per level.
                   A        B        C        D        E       F      G
               +--------+--------+--------+--------+--------+-----+--------+
         Total |   2487 |   2331 |    156 |     23 |   1741 |   4 |  621.8 |
       Dungeon |   2487 |   2331 |    156 |     23 |   1741 |   4 |  621.8 |
               +--------+--------+--------+--------+--------+-----+--------+

Top non-repeatable levels by time:
     D:3: 1116 daAuts
     D:1: 581 daAuts
     D:2: 499 daAuts
     D:4: 289 daAuts
